AoeStats
← Furious Destroyer

Arabia

509820916Analyzed
2v2 RM · 4d ago on Sep 28, 2026· 67m 33s· 4 players
Game mode
Random Map
Map size
Medium (4 player)
Population
200
Speed
Normal
Resources
Standard
Victory
Conquest
Starting age
Dark Age
Ending age
Imperial Age
RankedLock teamsTeams togetherTeam positionsShared explorationLock speedFull tech treeHidden civsTurbo modeCheats
Victory
Defeat
🇦🇷 Cumans · Argentina
672
+20
🇦🇷 Bohemians · Argentina
660
+21
🇺🇸 Celts · United States
816
-23
🇺🇸 Spanish · United States
711
-29
agustincn420
10:10 Feudal Age
10:52 Loom
10:56 Double-Bit Axe
14:58 Man-at-Arms
25:36 Castle Age
24:08 Padded Archer Armor
23:59 Fletching
26:02 Fishing Lines
27:11 Wheelbarrow
28:20 Bow Saw
33:04 Elite Skirmisher
33:44 Bodkin Arrow
35:58 Crossbowman
39:57 Imperial Age
37:51 Hand Cart
40:17 Leather Archer Armor
40:26 Ballistics
40:59 Gillnets
45:37 Arbalester
53:04 Guard Tower
52:40 Capped Ram
Don Ramon
1:06 Loom
10:02 Feudal Age
12:18 Forging
12:16 Horse Collar
20:32 Castle Age
20:33 Scale Barding Armor
20:47 Bloodlines
20:45 Gold Mining
22:30 Double-Bit Axe
23:15 Heavy Plow
27:04 Wheelbarrow
29:46 Iron Casting
30:06 Chain Barding Armor
37:59 Imperial Age
37:20 Gold Shaft Mining
38:06 Elite Steppe Lancer
39:48 Blast Furnace
40:33 Plate Barding Armor
41:17 Hand Cart
41:15 Town Watch
42:23 Town Patrol
42:23 Stone Mining
44:34 Steppe Husbandry
44:53 Fletching
SimonAM
10:50 Feudal Age
11:16 Double-Bit Axe
12:03 Man-at-Arms
13:21 Arson
19:57 Wheelbarrow
19:28 Horse Collar
25:16 Castle Age
23:32 Scale Mail Armor
26:25 Chain Mail Armor
26:20 Forging
27:17 Town Watch
27:37 Pikeman
30:56 Iron Casting
35:04 Hand Cart
35:06 Bow Saw
34:58 Heavy Plow
40:36 Gold Mining
46:09 Imperial Age
46:21 Heavy Scorpion
46:57 Halberdier
48:23 Conscription
49:52 Gold Shaft Mining
50:48 Plate Mail Armor
51:18 Blast Furnace
57:19 Furor Celtica
Furious Destroyer
5:15 Loom
12:07 Feudal Age
17:22 Scale Barding Armor
18:14 Double-Bit Axe
18:18 Horse Collar
23:50 Forging
25:57 Castle Age
30:08 Light Cavalry
32:14 Bloodlines
32:05 Husbandry
32:27 Chain Barding Armor
32:17 Forging
33:13 Wheelbarrow
36:52 Heavy Plow
39:07 Bow Saw
40:57 Iron Casting
44:04 Hand Cart
46:21 Imperial Age
46:36 Hussar
48:24 Elite Conquistador
49:32 Conscription
49:07 Fletching
49:17 Padded Archer Armor
50:32 Pikeman
51:37 Leather Archer Armor
51:18 Bodkin Arrow
52:49 Ring Archer Armor
59:03 Bracer
64:42 Two-Man Saw
Connection lost

Rejoining the realm…

Still unreachable

The connection could not be restored.

Session expired

The server has moved on; the page needs a fresh start.